 Dungeon Crawl Stone Soup version 0.32-a0-886-g41c5271027 (webtiles) character file.

Game seed: 7897277765054156978

8605 TacoSundae the Toxicologist (level 11, 0/47 HPs)
             Began as a Spriggan Alchemist on Apr 2, 2024.
             Was a Priest of Vehumet.
             Killed from afar by an acid dragon (28 damage)
             ... with a splash of acid
             ... on level 11 of the Dungeon.
             The game lasted 00:54:56 (11584 turns).

TacoSundae the Toxicologist (Spriggan Alchemist)   Turns: 11584, Time: 00:54:56

Health: 0/47       AC: 12    Str:  4    XL:     11   Next: 12%
Magic:  25/25      EV: 16    Int: 21    God:    Vehumet [***...]
Gold:   281        SH:  0    Dex: 16    Spells: 6/29 levels left

rFire   + . .        c - staff of fire
rCold   . . .        (shield currently unavailable)
rNeg    . . .        w - +0 steam dragon scales
rPois   .            u - +2 hat
rElec   .            x - +0 cloak
rCorr   .            (gloves unavailable)
SInv    +            (boots unavailable)
Will    ++...        E - amulet of magic regeneration
Stlth   ++           j - +4 ring of protection
HPRegen 0.27/turn    m - ring of willpower
MPRegen 0.59/turn

%: no passive effects
@: very quick
A: very small, no large weapons, unfitting armour, see invisible, speed 3
a: Renounce Religion


You were on level 11 of the Dungeon.
You worshipped Vehumet.
Vehumet was most pleased with you.
You visited 1 branch of the dungeon, and saw 11 of its levels.
You also visited: Ossuary.

You collected 561 gold pieces.
You spent 280 gold pieces at shops.

Inventory:

Hand Weapons
 h - the +4 long sword "Jenohofa" {flame, rF+ Will+ Dex-5 Stlth+}
   (You found it on level 3 of the Dungeon)

   Dex-5:     It affects your dexterity (-5).
   rF+:       It protects you from fire.
   Will+:     It increases your willpower.
   Stlth+:    It makes you more stealthy.
Armour
 u - a +2 hat (worn)
 w - +0 steam dragon scales (worn)
 x - a +0 cloak (worn)
Magical Staves
 c - a staff of fire (weapon)
Jewellery
 j - a +4 ring of protection (left hand)
 m - a ring of willpower (right hand)
 y - a +4 ring of protection
 z - a ring of flight
 B - the ring "Zecse" {rF+ Str+3 Dex+3}
   (You found it on level 10 of the Dungeon)

   [ring of protection from fire]

   Str+3:     It affects your strength (+3).
   Dex+3:     It affects your dexterity (+3).
   rF+:       It protects you from fire.
 E - an amulet of magic regeneration (around neck)
Wands
 a - a wand of mindburst (22)
 o - a wand of paralysis (13)
 q - a wand of polymorph (14)
 v - a wand of flame (24)
 C - a wand of roots (7)
Scrolls
 e - a scroll of revelation
 f - 2 scrolls of enchant armour
 l - 6 scrolls of teleportation
 p - 5 scrolls of enchant weapon
 t - 2 scrolls of amnesia
Potions
 b - a potion of magic
 d - a potion of ambrosia
 g - 3 potions of brilliance
 i - 5 potions of heal wounds
 k - a potion of invisibility
 n - 2 potions of curing
 r - 2 potions of cancellation
 s - 2 potions of might
 A - a potion of degeneration {unknown}


   Skills:
 - Level 2.6 Dodging
 - Level 3.0 Stealth
 + Level 9.9 Spellcasting
 + Level 6.0 Conjurations
 * Level 6.9 Fire Magic
 + Level 11.8 Alchemy


You had 6 spell levels left.
You knew the following spells:

 Your Spells              Type           Power      Damage    Failure   Level
a - Sting                 Conj/Alch      100%       1d9       1%          1
b - Olgreb's Toxic Radia  Alch           56%        N/A       1%          4
c - Sticky Flame          Fire/Alch      65%        2d11      1%          4
d - Ignite Poison         Fire/Alch      65%        N/A       1%          4
e - Fireball              Conj/Fire      27%        3d12      3%          5
f - Iskenderun's Battles  Conj           35%        2d9       4%          5

Your spell library contained the following spells:

 Spells                   Type           Power      Damage    Failure   Level
 Hailstorm                Conj/Ice       23%        3d7       1%          3
 Magic Dart               Conj           100%       1d8       1%          1
 Cigotuvi's Dreadful Rot  Necr/Alch/Air  52%        N/A       1%          2
 Mercury Vapours          Alch/Air       70%        N/A       1%          2
 Searing Ray              Conj           70%        2d7       1%          2
 Mephitic Cloud           Conj/Alch/Air  35%        N/A       1%          3
 Fulminant Prism          Conj/Alch      23%        3d12      1%          4
 Alistair's Intoxication  Alch           37%        N/A       1%          5
 Eringya's Noxious Bog    Alch           28%        4d6       2%          6
 Brom's Barrelling Bould  Conj/Erth      23%        2d4       5%          4
 Freezing Cloud           Conj/Ice/Air   9%         6-21      21%         5
 Conjure Ball Lightning   Conj/Air       11%        3x3d6     56%         6
 Sculpt Simulacrum        Ice/Alch       17%        N/A       65%         6
 Borgnjor's Vile Clutch   Necr/Erth      5%         N/A       88%         5
 Orb of Destruction       Conj           17%        9d7       71%         7
 Ozocubu's Refrigeration  Ice            5%         4d8       100%        7
 Polar Vortex             Ice            5%         N/A       100%        9


Dungeon Overview and Level Annotations

Branches:
Dungeon (11/15)            Temple (0/1) D:5            Lair (0/5) D:11
Ossuary (visited)
    Orc: D:9-12

Altars:
Ashenzari
Fedhas
Gozag
Uskayaw
Vehumet
Wu Jian
Zin

Shops:
D:1 *:   D:3 :   D:5 :   D:9 ?

Portals:
Abyss: D:5

Annotations:
D:5 2 transporters, bmack86's ghost, novice MiFi


Innate Abilities, Weirdness & Mutations

You are very small and have problems with some larger weapons.
You are too small for most types of armour.
You have supernaturally acute eyesight. (SInv)
You cover ground extremely quickly. (Speed+++)


Message History

Press: ? - help, Q - select action, (/) - cycle Shift-Dir - straight line, f - boulder beetle
Aim: a boulder beetle (lightly wounded, rolling, very poisoned, 100% to hit)
The sting hits the boulder beetle but does no damage.
The boulder beetle looks even sicker.
The boulder beetle is lightly wounded.
Your toxic aura wanes.
The boulder beetle attacks as it pursues you!
The boulder beetle hits you!!
Ouch! That really hurt!
* * * LOW HITPOINT WARNING * * *
The boulder beetle stops rolling and uncurls.
Casting: Sting (safe; 1% risk of failure)
Confirm with . or Enter, or press ? or * to list all spells.
You feel a surge of power!
You ignite the poison in your surroundings!
The boulder beetle seems to burn from within!!!!
You kill the boulder beetle!
Vehumet accepts your kill.
You feel your power returning.
Your Conjurations skill increases to level 6!
Magic restored.
HP restored.
Found a stone staircase leading up.
You open the door.
There is an open door here.
An acid dragon comes into view.
Casting: Ignite Poison (safe; 1% risk of failure)
Confirm with . or Enter, or press ? or * to list all spells.
You begin to radiate toxic energy.
The acid dragon roars!
The acid dragon spits acid at you. The splash of acid hits you!!
Unknown command.
Your toxic aura wanes.
The acid dragon spits acid at you. The splash of acid misses you.
The acid dragon spits acid at you. The splash of acid hits you!!
Ouch! That really hurt!
You die...

#....#...#....#
#....#...'.†..#
#....#...#....# ######
#....########## #....#
...............
########....#................
#...........#................
#......################....#.
#...........@..............#.
########...................+.
#...................#.
#...##################
#..D......^...........
#.....................
#.....................
#.....................
#.....................


You could see an acid dragon (catching breath).

Vanquished Creatures
  A boulder beetle (D:11)
  A two-headed ogre (D:9)
  Pikel (D:7)
  Maurice (D:8)
  A gargoyle (D:9)
  An unseen horror (D:11)
  A hornet (D:9)
  A shadow (D:10)
  Sigmund (D:2)
  A spriggan (D:7)
  A wyvern (D:10)
  10 yaks (D:10)
  3 steam dragons (D:8)
  2 water moccasins
  Pargi (D:3)
  2 orc warriors
  5 ice beasts
  3 black bears
  A sky beast (D:7)
  2 centaurs
  A kobold brigand (D:9)
  7 bullfrogs
  A scorpion (D:6)
  6 killer bees
  2 howler monkeys (D:9)
  A hound (D:7)
  3 orc priests (D:9)
  4 bombardier beetles
  3 gnoll boudas
  Jessica (D:2)
  Natasha (thrice) (D:4)
  4 iguanas
  2 sleepcaps
  7 orc wizards
  Robin (D:3)
  8 adders
  8 gnolls
  A white imp (D:8)
  2 ufetubi (D:7)
  3 ribbon worms (D:2)
  3 dart slugs
  24 orcs
  7 endoplasms
  4 giant cockroaches
  14 goblins
  11 hobgoblins
  18 jackals
  9 kobolds
  3 quokkas
  8 ball pythons
  3 bats
  4 frilled lizards
  6 rats
  A rat zombie (D:7)
223 creatures vanquished.

Notes
Turn   | Place    | Note
-------+----------+-------------------------------------------
     0 | D:1      | TacoSundae the Spriggan Alchemist began the quest for the
                  | Orb.
     0 | D:1      | Reached XP level 1. HP: 9/9 MP: 5/5
   163 | D:1      | Reached XP level 2. HP: 13/13 MP: 0/6
   241 | D:1      | Reached skill level 1 in Conjurations
   373 | D:1      | Found Kuenirph's Book Boutique.
   495 | D:1      | Found a faded altar of an unknown god.
   510 | D:1      | Reached skill level 4 in Alchemy
   561 | D:1      | Found Deduor Ticsi's Assorted Antiques.
   639 | D:1      | Reached XP level 3. HP: 16/16 MP: 5/8
  1112 | D:2      | Noticed Jessica
  1115 | D:2      | Killed Jessica
  1363 | D:2      | Reached XP level 4. HP: 21/21 MP: 6/10
  1687 | D:2      | Noticed Sigmund
  1707 | D:2      | Killed Sigmund
  1708 | D:2      | Reached skill level 5 in Alchemy
  1708 | D:2      | Reached XP level 5. HP: 24/24 MP: 5/12
  1896 | D:2      | Learned a level 4 spell: Olgreb's Toxic Radiance
  2399 | D:3      | Reached XP level 6. HP: 28/28 MP: 9/13
  2431 | D:3      | Noticed Robin
  2500 | D:3      | Killed Robin
  2596 | D:3      | Noticed Pargi
  2733 | D:3      | Killed Pargi
  2734 | D:3      | Reached skill level 6 in Alchemy
  2868 | D:3      | Learned a level 4 spell: Sticky Flame
  3285 | D:3      | Identified the +4 long sword "Jenohofa" {flame, rF+ Will+
                  | Dex-5 Stlth+}
  3316 | D:3      | Found Etrecsuh's Book Boutique.
  3547 | D:4      | Reached skill level 5 in Spellcasting
  3554 | D:4      | Found a radiant altar of Vehumet.
  3556 | D:4      | Found an opulent altar of Gozag.
  3558 | D:4      | Found a glowing silver altar of Zin.
  3567 | D:4      | Became a worshipper of Vehumet
  4010 | D:4      | Reached XP level 7. HP: 32/32 MP: 11/15
  4059 | D:4      | Noticed Natasha
  4064 | D:4      | Killed Natasha
  4101 | D:4      | Noticed Natasha
  4106 | D:4      | Killed Natasha
  4107 | D:4      | Reached skill level 1 in Fire Magic
  4327 | D:4      | Noticed Natasha
  4382 | D:4      | Killed Natasha
  4648 | D:5      | Entered Level 5 of the Dungeon
  4700 | D:5      | Reached skill level 7 in Alchemy
  4771 | D:5      | Found a transporter.
  4801 | D:5      | Found Esatan's Vocational Training.
  4955 | D:5      | Found a one-way gate to the infinite horrors of the Abyss.
  4955 | D:5      | Noticed bmack86's ghost (novice MiFi)
  4983 | D:5      | Found a transporter.
  5099 | D:5      | Found a staircase to the Ecumenical Temple.
  5223 | D:5      | Reached * piety under Vehumet
  5223 | D:5      | Offered knowledge of Freeze by Vehumet.
  5254 | D:5      | Found a blossoming altar of Fedhas.
  5804 | D:3      | Bought a Trismegistus Codex for 280 gold pieces
  5809 | D:3      | Learned a level 4 spell: Ignite Poison
  5974 | D:6      | Found a broken altar of Ashenzari.
  6082 | D:6      | Reached XP level 8. HP: 36/36 MP: 14/17
  6600 | D:6      | Reached skill level 8 in Alchemy
  6937 | D:7      | Noticed Pikel
  7067 | D:7      | Killed Pikel
  7068 | D:7      | Reached skill level 9 in Alchemy
  7068 | D:7      | Reached XP level 9. HP: 39/39 MP: 6/20
  7085 | D:7      | Found a sand-covered staircase.
  7245 | Ossuary  | Entered an ossuary
  7655 | D:7      | Reached ** piety under Vehumet
  7917 | D:8      | Offered knowledge of Momentum Strike by Vehumet.
  7918 | D:8      | Reached skill level 10 in Alchemy
  8083 | D:8      | Found an ornate altar of the Wu Jian Council.
  8140 | D:8      | Noticed Maurice
  8181 | D:8      | Killed Maurice
  8372 | D:8      | Reached skill level 5 in Conjurations
  8411 | D:8      | Reached XP level 10. HP: 44/44 MP: 18/23
  8565 | D:8      | Learned a level 5 spell: Fireball
  9263 | D:9      | Noticed a gargoyle
  9286 | D:9      | Killed a gargoyle
  9287 | D:9      | Reached skill level 5 in Fire Magic
  9287 | D:9      | Reached skill level 11 in Alchemy
  9518 | D:9      | Offered knowledge of Inner Flame by Vehumet.
  9581 | D:9      | Found Woz Qopp's Magic Scroll Boutique.
  9680 | D:9      | Noticed a two-headed ogre
  9703 | D:9      | Killed a two-headed ogre
  9943 | D:9      | Reached *** piety under Vehumet
 10151 | D:10     | Entered Level 10 of the Dungeon
 10214 | D:10     | Identified the ring "Zecse" {rF+ Str+3 Dex+3}
 10491 | D:10     | Offered knowledge of Hailstorm by Vehumet.
 11133 | D:10     | Learned a level 5 spell: Iskenderun's Battlesphere
 11187 | D:11     | Found a hide-covered altar of Uskayaw.
 11188 | D:11     | Noticed a +0 dagger
 11188 | D:11     | Noticed a +0 hand axe
 11204 | D:11     | Reached XP level 11. HP: 47/47 MP: 18/25
 11229 | D:11     | Found a staircase to the Lair.
 11399 | D:11     | Noticed a boulder beetle
 11407 | D:11     | Killed a boulder beetle
 11584 | D:11     | Killed from afar by an acid dragon

Illustrated notes

Levels and vault maps discovered:
D:1:      minmay_arrival_four_circles, layout_rooms, serial_shops, shop_statue,
          nicolae_shop_getting_attention, basic_ecumenical_altar,
          serial_bayou_pond_d
D:2:      layout_loops_corners, chequers_serial_rivers_micro_c, minmay_tall_x,
          uniq_jessica, uniq_sigmund
D:3:      layout_loops_ring, serial_shops, shop, st_stairs_8, uniq_pargi,
          uniq_robin
D:4:      layout_gridville, grunt_temple_overflow_open, uniq_natasha
D:5:      layout_cave_pods, lemuel_doored_altar,
          minmay_temple_entry_butterflies, gammafunk_ghost_abyssal_escape,
          nicolae_shop_vocational
D:6:      layout_basic, evilmike_ruin_ashenzari, roderic_lattice_a
D:7:      layout_cave_pools, enter_ossuary_3, grunt_ministairs_4, the_hattery,
          uniq_pikel
D:8:      layout_cave_pods, minmay_ruined_shrine, uniq_maurice
D:9:      layout_roguey, serial_shops, nicolae_shop_advertising_works
          [nicolae_subvault_shop_adworks]
D:10:     layout_loops_ring
D:11:     layout_grid_maze, dpeg_lair_monsters, orc_0_dummy,
          dancing_weapons_uskayaw

Skill      XL: |  1  2  3  4  5  6  7  8  9 10 11 |
---------------+----------------------------------+-----
Conjurations   | 1 2 3 4 5 6 |  6.0
Spellcasting   | 3 4 5 7 8 9 |  9.9
Alchemy        | 4 5 6 7 9 10 11 | 11.8
Fire Magic     | 2 3 4 6 |  6.9
Dodging        | |  2.6
Stealth        | |  3.0

Action                     |  1- 3 |  4- 6 |  7- 9 | 10-12 || total
---------------------------+-------+-------+-------+-------++-------
  Melee: Unarmed           |     3 |     2 |       |       ||     5
         Staff             |       |     1 |     4 |     6 ||    11
   Cast: Sting             |    63 |   121 |   145 |    46 ||   375
         Olgreb's Toxic Ra |       |     3 |     9 |    13 ||    25
         Sticky Flame      |       |       |    12 |    13 ||    25
         Ignite Poison     |       |       |     5 |    11 ||    16
         Fireball          |       |       |       |     2 ||     2
         Iskenderun's Batt |       |       |       |     1 ||     1
    Use: Scroll            |       |     7 |     9 |     4 ||    20
 Armour: Robe              |     2 |     8 |    22 |       ||    32
         Steam dragon scal |       |       |     4 |    23 ||    27
  Dodge: Dodged            |    12 |    29 |    49 |    37 ||   127

Table legend: (Time is in decaauts)
 A = Elapsed time spent in this place.
 B = Non-inter-level travel time spent in this place.
 C = Inter-level travel time spent in this place.
 D = Time resting spent in this place.
 E = Time spent auto-exploring this place.
 F = Levels seen in this place.
 G = Mean time per level.
                   A        B        C        D        E       F      G
               +--------+--------+--------+--------+--------+-----+--------+
         Total |   8555 |   8191 |    364 |    483 |   5482 |  12 |  712.9 |
       Dungeon |   8553 |   8189 |    364 |    483 |   5482 |  11 |  777.5 |
       Ossuary |      2 |      2 |      0 |      0 |      0 |   1 |    2.0 |
               +--------+--------+--------+--------+--------+-----+--------+

Top non-repeatable levels by time:
     D:2: 1204 daAuts
     D:4: 926 daAuts
     D:8: 916 daAuts
     D:6: 868 daAuts
    D:10: 868 daAuts
     D:3: 802 daAuts
     D:9: 743 daAuts
     D:5: 733 daAuts
     D:1: 653 daAuts
     D:7: 588 daAuts
    D:11: 247 daAuts
 Ossuary: 2 daAuts
